% Time on Ice - PHOENIX MUSTANGS
Lines # - Real PCT - Wanted PCT - Time Play
Normal Forward
1 - 33% - 36% - 15:13
2 - 29% - 31% - 13:38
3 - 25% - 23% - 11:24
4 - 13% - 10% - 6:02
Normal Defense
1 - 32% - 36% - 14:48
2 - 36% - 31% - 16:43
3 - 27% - 23% - 12:43
4 - 4% - 10% - 2:03
PP Forward
1 - 59% - 55% - 2:20
2 - 41% - 45% - 1:38
PP Defense
1 - 65% - 55% - 2:34
2 - 35% - 45% - 1:24
PK Forward
1 - 60% - 55% - 5:52
2 - 40% - 45% - 3:53
PK Defense
1 - 55% - 55% - 5:22
2 - 45% - 45% - 4:23
PK3 Forward
1 - 0% - 55%
2 - 0% - 45%
PK3 Defense
1 - 0% - 55%
2 - 0% - 45%
44 Forward
1 - 0% - 55%
2 - 0% - 45%
44 Defense
1 - 0% - 55%
2 - 0% - 45%
Last Minute Offensive  - 0:00
Last Minute Defensive  - 0:00
Total
Forward - 60:00
Defense - 60:00
% Time on Ice - EDMONTON ICE
Lines # - Real PCT - Wanted PCT - Time Play
Normal Forward
1 - 33% - 36% - 15:14
2 - 25% - 33% - 11:32
3 - 29% - 24% - 13:35
4 - 13% - 7% - 5:56
Normal Defense
1 - 40% - 37% - 18:43
2 - 28% - 32% - 12:57
3 - 26% - 25% - 12:15
4 - 5% - 6% - 2:22
PP Forward
1 - 55% - 60% - 5:22
2 - 45% - 40% - 4:23
PP Defense
1 - 47% - 60% - 4:35
2 - 53% - 40% - 5:10
PK Forward
1 - 71% - 60% - 2:49
2 - 29% - 40% - 1:09
PK Defense
1 - 49% - 60% - 1:57
2 - 51% - 40% - 2:01
PK3 Forward
1 - 0% - 55%
2 - 0% - 45%
PK3 Defense
1 - 0% - 55%
2 - 0% - 45%
44 Forward
1 - 0% - 55%
2 - 0% - 45%
44 Defense
1 - 0% - 55%
2 - 0% - 45%
Last Minute Offensive  - 0:00
Last Minute Defensive  - 0:00
Total
Forward - 60:00
Defense - 60:00
Play-by-Play 1st period 0:01 of 1st period - Jonathan Miller wins face-off versus Jack Eichel in neutral zone. 0:06 of 1st period - Shot by Jonathan Miller. 0:06 of 1st period - Shot Misses the Net. 0:18 of 1st period - Jeff Petry is hit by Jack Eichel and loses puck. 0:31 of 1st period - Shot by Alex Tuch. 0:31 of 1st period - Shot Misses the Net. 0:34 of 1st period - Alex Tuch is hit by Jeff Petry. 1:16 of 1st period - Shot by Jesper Fast. 1:16 of 1st period - Shot Blocked by Michael Matheson. 1:45 of 1st period - Conor Garland is hit by Nino Niederreiter and loses puck. 2:08 of 1st period - Shot by Scott Laughton. 2:08 of 1st period - Stopped by Jake Allen without a rebound. 2:09 of 1st period - Adam Ruzicka wins face-off versus Dawson Mercer in PHOENIX MUSTANGS zone. 3:10 of 1st period - Shot by Taylor Hall. 3:10 of 1st period - Shot Misses the Net. 5:00 of 1st period - Shot by Arthur Kaliyev. 5:00 of 1st period - Shot Blocked by Michael Matheson. 5:28 of 1st period - Shot by Adam Ruzicka. 5:28 of 1st period - Stopped by Vitek Vanecek without a rebound. 5:29 of 1st period - Nino Niederreiter wins face-off versus Jonathan Miller in EDMONTON ICE zone. 5:29 of 1st period - Nino Niederreiter is hit by Jonathan Miller. 6:35 of 1st period - Icing by Nino Niederreiter. 6:36 of 1st period - Christian Fischer wins face-off versus Alex Tuch in EDMONTON ICE zone. 6:54 of 1st period - Off-side. 6:55 of 1st period - Andreas Athanasiou wins face-off versus Tomas Tatar in neutral zone. 7:07 of 1st period - Off-side. 7:08 of 1st period - Dawson Mercer wins face-off versus Jonathan Miller in neutral zone. 8:07 of 1st period - Shot by Andreas Athanasiou. 8:07 of 1st period - Stopped by Vitek Vanecek with a rebound. 8:15 of 1st period - Dawson Mercer is hit by Andreas Athanasiou. 8:16 of 1st period - Icing by Dawson Mercer. 8:17 of 1st period - Dawson Mercer wins face-off versus Christian Fischer in EDMONTON ICE zone. 8:27 of 1st period - Icing by Tyler Wotherspoon. 8:28 of 1st period - Thomas Novak wins face-off versus Conor Garland in PHOENIX MUSTANGS zone. 8:28 of 1st period - Scott Laughton is hit by Tyler Wotherspoon. 8:36 of 1st period - Shot by Tomas Tatar. 8:36 of 1st period - Shot Blocked by T.J. Brodie. 9:29 of 1st period - Shot by Alex Tuch. 9:29 of 1st period - Stopped by Jake Allen without a rebound. 9:30 of 1st period - Jack Eichel wins face-off versus Andreas Athanasiou in PHOENIX MUSTANGS zone. 9:31 of 1st period - Shot by Alex Tuch. 9:31 of 1st period - Stopped by Jake Allen without a rebound. 9:32 of 1st period - Andreas Athanasiou wins face-off versus Jack Eichel in PHOENIX MUSTANGS zone. 9:49 of 1st period - Shot by Andreas Athanasiou. 9:49 of 1st period - Stopped by Vitek Vanecek without a rebound. 9:50 of 1st period - Jonathan Miller wins face-off versus Dawson Mercer in EDMONTON ICE zone. 10:33 of 1st period - Off-side. 10:34 of 1st period - Thomas Novak wins face-off versus Andreas Athanasiou in neutral zone. 10:44 of 1st period - Minor Penalty to Scott Laughton for Holding. 10:45 of 1st period - Andreas Athanasiou wins face-off versus Anton Lundell in EDMONTON ICE zone. 11:09 of 1st period - Shot by Jeff Petry. 11:09 of 1st period - Shot Misses the Net. 11:19 of 1st period - Shot by Andreas Athanasiou. 11:19 of 1st period - Stopped by Vitek Vanecek with a rebound. 11:21 of 1st period - Shot by Andreas Athanasiou. 11:21 of 1st period - Deflect By Juuso Parssinen. 11:21 of 1st period - Shot Misses the Net. 11:27 of 1st period - Shot by Andreas Athanasiou. 11:27 of 1st period - Stopped by Vitek Vanecek with a rebound. 12:02 of 1st period - Shot by Conor Sheary. 12:02 of 1st period - Shot Misses the Net. 12:04 of 1st period - Shot by Jonathan Miller. 12:04 of 1st period - Stopped by Vitek Vanecek without a rebound. 12:05 of 1st period - Anton Lundell wins face-off versus Taylor Hall in EDMONTON ICE zone. 12:30 of 1st period - Shot by Jonathan Miller. 12:30 of 1st period - Shot Hit the Post. 12:56 of 1st period - Shot by Chris Terry. 12:56 of 1st period - Shot Misses the Net. 13:16 of 1st period - Shot by Alex Tuch. 13:16 of 1st period - Stopped by Jake Allen with a rebound. 13:18 of 1st period - Shot by Shea Theodore. 13:18 of 1st period - Shot Misses the Net. 13:25 of 1st period - Minor Penalty to Tyler Wotherspoon for Slashing. 13:26 of 1st period - Dawson Mercer wins face-off versus Jonathan Miller in PHOENIX MUSTANGS zone. 14:00 of 1st period - Shot by Nino Niederreiter. 14:00 of 1st period - Shot Misses the Net. 14:02 of 1st period - Shot by Scott Laughton. 14:02 of 1st period - Deflect By Dawson Mercer. 14:02 of 1st period - Shot Blocked by Jonathan Miller. 14:15 of 1st period - Off-side. 14:16 of 1st period - Jack Eichel wins face-off versus Conor Sheary in neutral zone. 14:24 of 1st period - Shot by Alex Tuch. 14:24 of 1st period - Stopped by Jake Allen with a rebound. 16:21 of 1st period - Shot by Chris Terry. 16:21 of 1st period - Shot Misses the Net. 16:31 of 1st period - Shot by Evgeny Dadonov. 16:31 of 1st period - Shot Blocked by T.J. Brodie. 16:33 of 1st period - Shot by Anthony Beauvillier. 16:33 of 1st period - Goal by Anthony Beauvillier - PHOENIX MUSTANGS : 0 - EDMONTON ICE : 1. 16:34 of 1st period - Jack Eichel wins face-off versus Andreas Athanasiou in neutral zone. 16:36 of 1st period - Off-side. 16:37 of 1st period - Andreas Athanasiou wins face-off versus Dawson Mercer in neutral zone. 16:40 of 1st period - Shot by Jesper Fast. 16:40 of 1st period - Stopped by Vitek Vanecek without a rebound. 16:41 of 1st period - Andreas Athanasiou wins face-off versus Jack Eichel in EDMONTON ICE zone. 17:16 of 1st period - Shot by Jesper Fast. 17:16 of 1st period - Shot Misses the Net. 17:38 of 1st period - Shot by Jonathan Miller. 17:38 of 1st period - Deflect By Taylor Hall. 17:38 of 1st period - Stopped by Vitek Vanecek without a rebound. 17:39 of 1st period - Christian Fischer wins face-off versus Thomas Novak in EDMONTON ICE zone. 18:07 of 1st period - Shot by Tomas Tatar. 18:07 of 1st period - Shot Misses the Net. 18:12 of 1st period - Icing by T.J. Brodie. 18:13 of 1st period - Christian Fischer wins face-off versus Dawson Mercer in PHOENIX MUSTANGS zone. 18:19 of 1st period - Dawson Mercer is hit by Tyler Wotherspoon and loses puck. 18:53 of 1st period - Minor Penalty to Tyler Wotherspoon for Hooking. 18:54 of 1st period - Jack Eichel wins face-off versus Jonathan Miller in PHOENIX MUSTANGS zone. 18:59 of 1st period - Shot by Tomas Tatar. 18:59 of 1st period - Deflect By Alex Tuch. 18:59 of 1st period - Stopped by Jake Allen without a rebound. 19:00 of 1st period - Jonathan Miller wins face-off versus Jack Eichel in PHOENIX MUSTANGS zone. 19:00 of 1st period - Jonathan Miller is hit by Jack Eichel. 19:13 of 1st period - Jack Eichel is hit by Jeff Petry and loses puck. 19:28 of 1st period - Shot by Jack Eichel. 19:28 of 1st period - Goal by Jack Eichel - PHOENIX MUSTANGS : 0 - EDMONTON ICE : 2. 19:29 of 1st period - Anton Lundell wins face-off versus Andreas Athanasiou in neutral zone. 19:56 of 1st period - Jesper Fast is hit by Zach Whitecloud and loses puck. 19:59 of 1st period - Shot by Jesper Fast. 19:59 of 1st period - Shot Misses the Net. Goals for this period are 0 for PHOENIX MUSTANGS vs 2 for EDMONTON ICE. Shots for this period are 8 for PHOENIX MUSTANGS vs 8 for EDMONTON ICE. 2nd period 0:01 of 2nd period - Thomas Novak wins face-off versus Taylor Hall in neutral zone. 0:54 of 2nd period - Icing by John Klingberg. 0:55 of 2nd period - Jack Eichel wins face-off versus Jonathan Miller in PHOENIX MUSTANGS zone. 0:55 of 2nd period - Jack Eichel is hit by Jeff Petry. 1:03 of 2nd period - Shot by Alex Tuch. 1:03 of 2nd period - Stopped by Jake Allen without a rebound. 1:04 of 2nd period - Jack Eichel wins face-off versus Andreas Athanasiou in PHOENIX MUSTANGS zone. 1:08 of 2nd period - Alex Tuch is hit by Tyler Wotherspoon and loses puck. 1:24 of 2nd period - Icing by Michael Matheson. 1:25 of 2nd period - Jack Eichel wins face-off versus Christian Fischer in EDMONTON ICE zone. 3:01 of 2nd period - Shot by Andreas Athanasiou. 3:01 of 2nd period - Stopped by Vitek Vanecek with a rebound. 3:03 of 2nd period - Shot by Jeff Petry. 3:03 of 2nd period - Shot Misses t